 Dungeon Crawl Stone Soup version 0.16.2-12-gd0ad4c3 (webtiles) character file.

417 Charly the Cleaver (level 6, -1/52 HPs)
             Began as a Deep Dwarf Gladiator on Aug 29, 2016.
             Splashed by a jelly's acid (7 damage)
             ... on level 8 of the Dungeon.
             The game lasted 00:13:03 (675 turns).

Charly the Cleaver (Deep Dwarf Gladiator)            Turns: 675, Time: 00:13:03

Health: -1/52      AC: -22   Str: 19    XL:     6   Next: 61%
Magic:  6/6        EV: 11    Int:  8    God:
Gold:   87         SH:  0    Dex: 15    Spells: 0 memorised, 5 levels left

rFire  . . .     SeeInvis .     a - +1 war axe
rCold  . . .     Clarity  .     g - +0 scale mail
rNeg   . . .     SustAb   .     (no shield)
rPois  .         Gourm    .     c - +0 helmet
rElec  .         Spirit   .     (no cloak)
rCorr  .         Warding  .     (no gloves)
rMut   .         Stasis   .     j - +0 pair of boots
MR     .....                    (no amulet)
Stlth  ..........               (no ring)
                                (no ring)

@: corroded equipment, non-regenerating, not resistant to hostile enchantments,
extremely unstealthy
A: damage resistance, recharge devices, sense surroundings 1, slow healing 3
a: Device Recharging


You were on level 8 of the Dungeon.
You were not hungry.

You visited 1 branch of the dungeon, and saw 8 of its levels.

You collected 87 gold pieces.

Inventory:

Hand weapons
 a - a +1 war axe (weapon)
Missiles
 d - a throwing net (quivered)
Armour
 c - a +0 helmet (worn)
 g - a +0 scale mail (worn)
 j - a +0 pair of boots (worn)
Magical devices
 e - a wand of heal wounds (6)
 l - a wand of digging (2)
Scrolls
 m - a scroll of blinking {unknown}
Potions
 b - 2 potions of curing
 h - a potion of heal wounds {unknown}
 i - a potion of brilliance {unknown}
 k - a potion of resistance {unknown}
Comestibles
 f - 3 bread rations


   Skills:
 - Level 1.7 Fighting
 + Level 8.3 Axes
 - Level 1.7 Throwing
 - Level 3.2 Dodging


You had 5 spell levels left.
You didn't know any spells.

Dungeon Overview and Level Annotations

Branches:
Dungeon (8/15)
 Temple: D:4-7         Lair: D:8-11

Altars:
Dithmenos
Gozag

Annotations:
D:3 Robin


Innate Abilities, Weirdness & Mutations

You are resistant to damage.
You can recharge devices by infusing magical energy.
You passively map a small area around you.
You do not heal naturally.


Message History

You hit the jelly but do no damage.
The jelly is severely wounded.
You hit the jelly.
The jelly is moderately wounded.
The jelly hits you.
You are splashed with acid!
The acid corrodes your equipment!
The acid burns!
The jelly hits you.
You are splashed with acid!
The acid corrodes your equipment!
The acid burns!
* * * LOW HITPOINT WARNING * * *
The jelly closely misses you.
Unknown command.
You hit the ooze.
The ooze is heavily wounded.
You hit the jelly but do no damage. The acid corrodes your equipment!
The jelly is moderately wounded.
You hit the jelly but do no damage.
The jelly is severely wounded.
The jelly hits you.
* * * LOW HITPOINT WARNING * * *
You are splashed with acid!
The acid burns!
You die...

......#..'.[.+ , , *
* .......#..##+## * .
,.......#.†##.#####..
, *#....#...#........
* *#≈..+..J'.........
#####≈..J..#.........
#...#...####.#####...
#.'≈######'#####..
#...#JJ@J'.<.........
, ###
#≈J.##.####.###. ,
#≈.####. ** # #### .
, ##, * , , * , , , ,
* * , +


You could see an ooze and 3 jellies.

Vanquished Creatures
  An ogre (D:7)
  A centaur (D:6)
  2 hounds
  A jelly (D:5)
  An orc priest (D:3)
  An orc wizard (D:6)
  A worker ant (D:4)
  A hound zombie (D:3)
  A giant gecko (D:1)
  4 oozes (D:8)
  12 orcs
  3 hobgoblins
  4 jackals (D:3)
  A quokka (D:4)
  A bat (D:2)
  A giant newt (D:6)
  8 goblins
  3 kobolds
  5 rats
52 creatures vanquished.

Notes
Turn   | Place    | Note
--------------------------------------------------------------
     0 | D:1      | Charly, the Deep Dwarf Gladiator, began the quest for the Orb.
     0 | D:1      | Reached XP level 1. HP: 19/19 MP: 1/1
   112 | D:3      | Noticed an orc priest
   194 | D:2      | Reached skill level 4 in Axes
   194 | D:2      | Reached XP level 2. HP: 21/26 MP: 2/2
   261 | D:3      | Killed an orc priest
   261 | D:3      | Reached skill level 5 in Axes
   261 | D:3      | Reached XP level 3. HP: 27/32 MP: 3/3
   298 | D:3      | Noticed Robin
   316 | D:4      | Reached XP level 4. HP: 28/39 MP: 4/4
   402 | D:4      | Reached skill level 6 in Axes
   421 | D:4      | Found a shadowy altar of Dithmenos.
   442 | D:3      | Reached XP level 5. HP: 26/45 MP: 5/5
   458 | D:5      | Entered Level 5 of the Dungeon
   550 | D:6      | Reached skill level 7 in Axes
   554 | D:6      | Found an opulent altar of Gozag.
   554 | D:6      | Noticed a centaur
   569 | D:6      | Killed a centaur
   569 | D:6      | Reached XP level 6. HP: 34/52 MP: 6/6
   604 | D:7      | Reached skill level 8 in Axes
   675 | D:8      | Splashed by a jelly's acid

Action                   |  1- 3 |  4- 6 || total
-------------------------+-------+-------++-------
Melee: War axe           |    67 |    74 ||   141
Throw: Throwing net      |     1 |     3 ||     4
Evoke: Wand              |     1 |     1 ||     2
  Use: Scroll            |       |     6 ||     6
 Stab: Held in net/web   |       |     2 ||     2
  Eat: Fruit             |       |     4 ||     4
